 Dungeon Crawl Stone Soup version 0.21.0-24-g2553a33 (webtiles) character file.

93 Monsterracer the Sneak (level 4, -2/26 HPs)
             Began as a Deep Elf Assassin on Jan 21, 2018.
             Slain by a worm (12 damage)
             ... on level 2 of the Dungeon.
             The game lasted 00:02:40 (3081 turns).

Monsterracer the Sneak (Deep Elf Assassin)          Turns: 3081, Time: 00:02:41

Health: -2/26      AC:  3    Str:  8    XL:     4   Next: 36%
Magic:  6/6        EV: 13    Int: 16    God:
Gold:   60         SH:  0    Dex: 17    Spells: 3/3 levels left

rFire    . . .     SeeInvis .   a - +2 dagger
rCold    . . .     Gourm    .   (no shield)
rNeg     . . .     Faith    .   g - +0 robe
rPois    .         Spirit   .   (no helmet)
rElec    .         Reflect  .   d - +0 cloak
rCorr    .         Harm     .   (no gloves)
MR       .....                  (no boots)
Stlth    +++.......             h - amulet of magic regeneration
HPRegen  0.08/turn              (no ring)
MPRegen  0.35/turn              (no ring)

@: no status effects
A: no striking features
a: no special abilities


You were on level 2 of the Dungeon.
You were near starving.

You visited 1 branch of the dungeon, and saw 3 of its levels.

You collected 60 gold pieces.

Inventory:

Hand Weapons
 a - a +2 dagger (weapon)
 b - a +0 blowgun
Missiles
 e - 8 poisoned needles
 f - 2 curare-tipped needles
Armour
 d - a +0 cloak (worn)
 g - a +0 robe (worn)
Jewellery
 h - an amulet of magic regeneration (around neck)
Scrolls
 i - 2 scrolls of remove curse {unknown}
 k - 2 scrolls of identify {unknown}
 l - a scroll of immolation {unknown}
 n - a scroll of enchant armour {unknown}
 o - a scroll of amnesia {unknown}
 p - a scroll of magic mapping {unknown}
 s - a scroll of fear {unknown}
Potions
 j - 2 potions of curing {unknown}
 m - a potion of invisibility {unknown}
 q - a potion of agility {unknown}
 r - a potion of flight {unknown}
Comestibles
 c - 10 rations


   Skills:
 + Level 2.2 Fighting
 * Level 3.3 Short Blades
 - Level 2.0 Throwing
 + Level 2.4 Dodging
 + Level 5.4 Stealth


You had 3 spell levels left.
You didn't know any spells.

Dungeon Overview and Level Annotations

Branches:
Dungeon (3/15)

Altars:
Cheibriados
Kikubaaqudgha
Makhleb
Okawaru


Message History

You hit the worm.
The worm is moderately wounded.
The worm bites you!
* * * LOW HITPOINT WARNING * * *
You take 9 damage, and have 8/26 hp.
MASSIVE DAMAGE!!
There is a stone staircase leading down here.
You climb downwards.
There is a stone staircase leading up here.
You start resting.
HP restored.
Health restored: 26 You climb upwards.
The worm bites you.
There is a stone staircase leading down here.
You take 2 damage, and have 24/26 hp.
You hit the worm.
The worm is moderately wounded.
You hit the worm.
The worm is moderately wounded.
The worm bites you!
* * * LOW HITPOINT WARNING * * *
You take 11 damage, and have 13/26 hp.
MASSIVE DAMAGE!!
You are feeling hungry.
You barely miss the worm. You hit the worm.
The worm is lightly wounded.
You hit the worm but do no damage.
The worm is lightly wounded.
The worm bites you!
* * * LOW HITPOINT WARNING * * *
You take 10 damage, and have 4/26 hp.
MASSIVE DAMAGE!!
Found an escape hatch in the floor.
There is an escape hatch in the floor here.
You start resting.
Found a stone staircase leading up.
There is a stone staircase leading up here.
You climb upwards.
There is a stone staircase leading down here.
You start resting.
You are feeling very hungry.
You regained 9 hp, and now have 17/26 hp.
You start resting.
HP restored.
Health restored: 26 You enter the shallow water.
Moving in this stuff is going to be slow.
You enter the shallow water.
Moving in this stuff is going to be slow.
You enter the shallow water.
Moving in this stuff is going to be slow.
There is a stone staircase leading down here.
You climb downwards.
There is a stone staircase leading up here.
Key pressed, stopping explore.
No target in view!
You are near starving!
No target in view!
You see here 13 stones.
Done exploring.
No target in view!
No target in view!
Done exploring.
No target in view!
Done exploring.
No target in view!
Done exploring.
No target in view!
Done exploring.
The worm is too close now for your liking.
There is an escape hatch in the floor here.
You hit the worm.
The worm is lightly wounded.
You hit the worm.
The worm is lightly wounded.
The worm barely misses you.
You completely miss the worm.
The worm is lightly wounded.
You hit the worm.
The worm is lightly wounded.
The worm bites you.
You take 1 damage, and have 25/26 hp.
You barely miss the worm.
The worm is lightly wounded.
You hit the worm.
The worm is moderately wounded.
The worm bites you.
You take 6 damage, and have 19/26 hp.
MASSIVE DAMAGE!!
You are too injured to fight recklessly!
You hit the worm.
The worm is heavily wounded.
You hit the worm.
The worm is heavily wounded.
The worm bites you!
* * * LOW HITPOINT WARNING * * *
You take 9 damage, and have 10/26 hp.
MASSIVE DAMAGE!!
You hit the worm but do no damage.
The worm is heavily wounded.
You hit the worm but do no damage.
The worm is heavily wounded.
The worm bites you!
You die...

#.# #.# #.... #.#
#.# #.... #.# #.#
##### #w# #.# #.#
#.# #.# #.# #.#
#.#
#.#############.#
#....w@>........#
###############.#
###


You could see a worm.

Vanquished Creatures
  Terence (D:2)
  An adder (D:2)
  An ooze (D:2)
  A worm (D:2)
  A dart slug (D:1)
  A ball python (D:2)
  A giant cockroach (D:2)
  8 goblins
  3 hobgoblins
  4 jackals (D:1)
  9 kobolds
  9 bats
  A frilled lizard (D:1)
  5 rats
46 creatures vanquished.

Notes
Turn   | Place    | Note
-------+----------+-------------------------------------------
     0 | D:1      | Monsterracer the Deep Elf Assassin began the quest for the Orb.
     0 | D:1      | Reached XP level 1. HP: 12/12 MP: 3/3
   205 | D:1      | Reached skill level 5 in Stealth
   205 | D:1      | Reached XP level 2. HP: 14/17 MP: 4/4
   913 | D:1      | HP: 8/17 [jackal (2)]
   929 | D:1      | Reached XP level 3. HP: 7/21 MP: 5/5
   930 | D:1      | HP: 5/21 [jackal (3)]
  1653 | D:2      | Noticed Terence
  1655 | D:2      | Killed Terence
  1662 | D:2      | Reached XP level 4. HP: 26/26 MP: 6/6
  1866 | D:2      | Found an iron altar of Okawaru.
  1876 | D:2      | Found a snail-covered altar of Cheibriados.
  1878 | D:2      | Found a burning altar of Makhleb.
  2178 | D:2      | HP: 8/26 [worm (8)]
  2195 | D:2      | Found an ancient bone altar of Kikubaaqudgha.
  2434 | D:2      | HP: 8/26 [worm (9)]
  2655 | D:2      | HP: 13/26 [worm (11)]
  2666 | D:2      | HP: 4/26 [worm (10)]
  3079 | D:2      | HP: 10/26 [worm (9)]
  3081 | D:2      | Slain by a worm

Skill      XL: |  1  2  3 |
---------------+----------+-----
Stealth        | 5 |  5.4
Fighting       | 2 |  2.2
Dodging        | 2 |  2.4
Short Blades   | 3 |  3.3
Throwing       | |  2.0

Action                   |  1- 3 |  4- 6 || total
-------------------------+-------+-------++-------
Melee: Dagger            |   111 |    55 ||   166
 Fire: Blowgun           |       |     6 ||     6
 Stab: Sleeping          |    10 |     3 ||    13
  Eat: Chunk             |     2 |     3 ||     5
Armor: Robe              |    22 |     5 ||    27
Dodge: Dodged            |    66 |    25 ||    91

Vault maps used:
D:1:      lightli_arrival_isolated_outpost, minmay_bisected
D:2:      nicolae_overflow_hidden_temple, minitemple, uniq_terence
D:3:      lemuel_doored_altar, first_ration, minmay_crystal_room
